New York Rangers vs Toronto Maple Leafs
(R3)
Created - Friday, March 24, 2023 at 07:22
Goals
|
| New York Rangers |
5 |
0 |
4 |
9 |
| Toronto Maple Leafs |
0 |
0 |
1 |
1 |
|
Shots
|
| New York Rangers |
11 |
10 |
12 |
33 |
| Toronto Maple Leafs |
13 |
5 |
10 |
28 |
|
1st period
1. New York Rangers , Patrice Bergeron 6 (Nathan MacKinnon 11, Pierre-Luc Dubois 4) at 2:46
2. New York Rangers , Patrice Bergeron 7 (Nathan MacKinnon 12) at 3:57
3. New York Rangers , Cam Fowler 1 (Nathan MacKinnon 13, Patrice Bergeron 12) at 4:17 (PP)
4. New York Rangers , Conor Garland 4 (Patrice Bergeron 13, Nathan MacKinnon 14) at 14:08
5. New York Rangers , Conor Garland 5 (Jake McCabe 1, Cole Caufield 4) at 17:47
Penalties :
Brady Tkachuk (TOR) for Fighting (Major) at 2:56, Jake McCabe (NYR) for Fighting (Major) at 2:56, Kyle Okposo (TOR) for Interference (Minor) at 4:00, Mark Giordano (NYR) for Hooking (Minor) at 4:33, Matt Benning (NYR) for Holding (Minor) at 8:04, Brady Tkachuk (TOR) for Fighting (Major) at 14:09, Nathan MacKinnon (NYR) for Fighting (Major) at 14:09, Adam Larsson (NYR) for Interference (Minor) at 15:12, Patrice Bergeron (NYR) for Diving (Minor) at 18:30
2nd period
No Goal
Penalties :
Andrew Mangiapane (TOR) for Charging (Minor) at 1:03, Cody Ceci (TOR) for Roughing (Minor) at 3:01, Pierre Engvall (TOR) for Hooking (Minor) at 13:49
3rd period
6. New York Rangers , T.J. Oshie 3 (Cole Caufield 5) at 1:42
7. Toronto Maple Leafs , Sam Bennett 9 (Mario Ferraro 4, Brady Tkachuk 12) at 6:48
8. New York Rangers , Nathan MacKinnon 11 (Mark Giordano 3) at 7:37
9. New York Rangers , T.J. Oshie 4 (Jake McCabe 2) at 15:22
10. New York Rangers , Patrice Bergeron 8 (Pierre-Luc Dubois 5, Mikael Granlund 7) at 17:48
Penalties :
Brady Tkachuk (TOR) for Goalie Interference (Minor) at 2:50, Jake McCabe (NYR) for Tripping (Minor) at 7:52, Pierre-Luc Dubois (NYR) for Charging (Minor) at 15:29, Scott Laughton (TOR) for Fighting (Major) at 18:43, Mikael Granlund (NYR) for Fighting (Major) at 18:43, Mikael Granlund (NYR) for instigated a fight (Minor) at 18:43, Mikael Granlund (NYR) for instigated a fight (10 Minutes Misconduct) at 18:43
Goalie Stats
Igor Shesterkin (NYR), 27 saves from 28 shots - (0.964), W, 5-2-2, 60:00 minutes
James Reimer (TOR), 18 saves from 22 shots - (0.818), 42:13 minutes
Cam Talbot (TOR), 6 saves from 11 shots - (0.545), L, 0-1-0, 17:47 minutes
Players Stats for New York Rangers
Player Name G A P +/- PIM S H SB GA TA FO MP PP MP PK MP
------------------------------------------------------------------------------------
Adam Larsson 0 0 0 2 2 0 1 2 0 0 0/0 21:19 0:00 7:29
Andre Burakovsky 0 0 0 0 0 1 0 0 0 0 0/0 12:10 3:40 0:00
Blake Wheeler 0 0 0 0 0 2 3 1 0 0 0/0 14:43 5:01 0:00
Cam Fowler 1 0 1 1 0 3 2 3 0 0 0/0 29:17 5:01 9:54
Cole Caufield 0 2 2 4 0 0 1 0 1 0 0/1 12:30 3:40 0:00
Conor Garland 2 0 2 4 0 4 0 0 0 0 0/0 9:02 0:00 0:00
David Kampf 0 0 0 0 0 0 0 0 1 0 7/15 14:57 0:28 7:54
Dmitry Kulikov 0 0 0 3 0 2 1 1 0 0 0/0 11:43 0:18 0:32
Eric Robinson 0 0 0 0 0 1 1 0 0 0 0/1 11:38 0:17 4:23
Jake McCabe 0 2 2 3 7 1 1 0 1 0 0/0 14:52 0:00 2:15
Mark Giordano 0 1 1 2 2 1 1 3 1 3 0/0 18:25 2:53 1:25
Matt Benning 0 0 0 3 2 1 3 0 0 0 0/0 15:08 0:00 4:45
Mikael Granlund 0 1 1 1 17 1 0 0 1 0 9/14 15:17 3:40 1:37
Nathan MacKinnon 1 4 5 2 5 5 4 1 1 1 1/2 17:12 4:05 0:14
Patrice Bergeron 3 2 5 3 2 8 2 0 0 1 9/22 22:40 4:04 3:56
Pierre-Luc Dubois 0 2 2 3 2 1 7 1 0 0 1/4 18:59 4:04 0:37
T.J. Oshie 2 0 2 4 0 2 2 0 0 0 2/3 12:05 3:11 0:00
Tyler Motte 0 0 0 0 0 0 2 1 0 0 3/3 14:58 0:38 7:53
Players Stats for Toronto Maple Leafs
Player Name G A P +/- PIM S H SB GA TA FO MP PP MP PK MP
------------------------------------------------------------------------------------
Adam Henrique 0 0 0 -2 0 1 2 0 0 0 9/12 16:59 5:10 2:31
Andrew Mangiapane 0 0 0 -2 2 1 3 0 1 0 0/0 17:25 5:09 3:14
Brady Tkachuk 0 1 1 -1 12 1 2 0 1 0 1/1 15:34 4:41 0:23
Cody Ceci 0 0 0 -2 2 0 1 1 0 0 0/0 19:58 4:11 2:50
Craig Smith 0 0 0 -3 0 3 0 0 0 0 0/0 9:03 0:11 0:00
Dougie Hamilton 0 0 0 -3 0 1 0 1 0 1 0/0 25:37 8:59 0:35
Jonas Siegenthaler 0 0 0 -2 0 0 2 1 0 0 0/0 13:40 0:00 3:31
Josh Bailey 0 0 0 -1 0 1 1 0 0 2 0/1 13:07 0:33 0:00
Kyle Okposo 0 0 0 -2 2 2 1 0 0 0 1/2 14:42 2:50 2:42
Luke Schenn 0 0 0 -2 0 0 1 0 0 1 0/0 11:11 0:00 1:50
Mario Ferraro 0 1 1 -3 0 2 4 3 1 0 0/0 24:50 4:11 4:41
Nicolas Roy 0 0 0 -3 0 0 1 1 0 1 1/4 12:30 0:07 2:09
Pierre Engvall 0 0 0 -3 2 1 1 0 0 0 0/0 9:43 0:00 1:15
Ryan Pulock 0 0 0 -2 0 1 1 1 0 0 0/0 24:43 8:59 2:56
Sam Bennett 1 0 1 -1 0 6 2 0 0 0 17/37 20:02 7:50 0:00
Scott Laughton 0 0 0 -1 5 0 0 1 0 0 4/8 12:21 0:00 3:58
Trevor Zegras 0 0 0 -1 0 3 2 0 1 0 0/0 13:47 5:09 0:11
Troy Terry 0 0 0 -1 0 5 2 0 1 1 0/0 16:27 7:50 0:00
3 Stars
1 - Patrice Bergeron (NYR)
2 - T.J. Oshie (NYR)
3 - Nathan MacKinnon (NYR)
Power Play
New York Rangers - 1 on 5 Attempt(s) - 20.00%
Toronto Maple Leafs - 0 on 7 Attempt(s) - 0.00%
Penalty Kill
New York Rangers - 7 on 7 Attempt(s) - 100.00%
- Score 0 goal in Penalty Kill
Toronto Maple Leafs - 4 on 5 Attempt(s) - 80.00%
- Score 0 goal in Penalty Kill
Team Stat
New York Rangers - Hits : 31 - Faceoff Wins : 32 - Blocked Shots : 13 - Penalty Minutes : 39
Toronto Maple Leafs - Hits : 26 - Faceoff Wins : 33 - Blocked Shots : 9 - Penalty Minutes : 25
Official
Referees : Trevor Hanson and Dennis LaRue
Linesman : Andy McElman and Mark Shewchyk
Game Notes
Brady Tkachuk and Jake McCabe fight to a draw at 2:56 of 1st period
4:17 of 1st period - New York Rangers goal is going for a video replay. After video review, Goal.
Brady Tkachuk beats up Nathan MacKinnon at 14:09 of 1st period
James Reimer enters game at 17:47 of 1st period
Patrice Bergeron has scored a Hat Trick!
Scott Laughton and Mikael Granlund fight to a draw at 18:43 of 3rd period
Finance
Level 1 -- Attendance: 6000 (100.00%) -- Ticket Income $564,000
Level 2 -- Attendance: 5000 (100.00%) -- Ticket Income $270,000
Level 3 -- Attendance: 3000 (100.00%) -- Ticket Income $99,000
Level 4 -- Attendance: 5000 (100.00%) -- Ticket Income $105,000
Luxury Box -- Attendance: 927 (92.70%) -- Ticket Income $178,911
Game was played at the Air Canada Centre.
Total Attendance: 19927 (99.64%)
Total Ticket Income: $1,216,911
Other Income: $425,919
Total Income: $1,642,830
New York Rangers
5 vs 5 Forward
Center Left Wing Right Wing Time % Phy DF OF
1 Patrice Bergeron Pierre-Luc Dubois Nathan MacKinnon 40 0 1 4
2 Mikael Granlund Andre Burakovsky Blake Wheeler 30 1 1 3
3 T.J. Oshie Conor Garland Cole Caufield 20 1 2 2
4 David Kampf Eric Robinson Tyler Motte 10 1 3 1
5 vs 5 Defense
Defense Defense Time % Phy DF OF
1 Cam Fowler Jake McCabe 44 1 2 2
2 Mark Giordano Adam Larsson 33 1 3 1
3 Dmitry Kulikov Matt Benning 23 1 3 1
4 Cam Fowler Adam Larsson 0 1 2 2
PowerPlay Forward
Center Left Wing Right Wing Time % Phy DF OF
1 Patrice Bergeron Nathan MacKinnon Pierre-Luc Dubois 60 0 1 4
2 Mikael Granlund Cole Caufield Andre Burakovsky 40 0 1 4
PowerPlay Defense
Defense Defense Time % Phy DF OF
1 Cam Fowler Blake Wheeler 60 0 2 3
2 Mark Giordano T.J. Oshie 40 0 2 3
Penalty Kill 4 Players Forward
Center Wing Time % Phy DF OF
1 David Kampf Tyler Motte 60 1 3 1
2 Patrice Bergeron Eric Robinson 40 1 3 1
Penalty Kill 4 Players Defense
Defense Defense Time % Phy DF OF
1 Adam Larsson Cam Fowler 60 1 3 1
2 Matt Benning Jake McCabe 40 1 3 1
Penalty Kill - 3 Players Forward
Forward Time % Phy DF OF
1 David Kampf 60 1 4 0
2 Patrice Bergeron 40 1 4 0
Penalty Kill - 3 Players Defense
Defense Defense Time % Phy DF OF
1 Cam Fowler Jake McCabe 60 1 4 0
2 Matt Benning Adam Larsson 40 1 4 0
4 vs 4 Forward
Center Wing Time % Phy DF OF
1 Nathan MacKinnon Patrice Bergeron 60 1 2 2
2 Pierre-Luc Dubois Blake Wheeler 40 1 2 2
4 vs 4 Defense
Defense Defense Time % Phy DF OF
1 Cam Fowler Jake McCabe 60 1 2 2
2 Mark Giordano Adam Larsson 40 1 2 2
Last Minutes Offensive
Center Left Wing Right Wing Defense Defense
Patrice Bergeron Blake Wheeler Nathan MacKinnon Cam Fowler Mark Giordano
Last Minutes Defensive
Center Left Wing Right Wing Defense Defense
Patrice Bergeron David Kampf Mikael Granlund Cam Fowler Jake McCabe
Goaltenders
Starting : Igor Shesterkin
Backup : Tristan Jarry
Extra Forwards
Normal : Mikael Granlund, Andre Burakovsky, Conor Garland - PP : Mikael Granlund, Nathan MacKinnon - PK : Mikael Granlund
Extra Defensemen
Normal : Dmitry Kulikov, Matt Benning, Mark Giordano - PP : Dmitry Kulikov - PK : Matt Benning, Mark Giordano
Penalty Shots
T.J. Oshie, Mikael Granlund, Mark Giordano, Nathan MacKinnon, Cole Caufield
Toronto Maple Leafs
5 vs 5 Forward
Center Left Wing Right Wing Time % Phy DF OF
1 Sam Bennett Brady Tkachuk Josh Bailey 40 1 2 2
2 Adam Henrique Andrew Mangiapane Kyle Okposo 30 1 2 2
3 Scott Laughton Trevor Zegras Troy Terry 20 1 2 2
4 Nicolas Roy Pierre Engvall Craig Smith 10 1 2 2
5 vs 5 Defense
Defense Defense Time % Phy DF OF
1 Dougie Hamilton Mario Ferraro 40 1 2 2
2 Ryan Pulock Cody Ceci 30 1 2 2
3 Luke Schenn Jonas Siegenthaler 20 1 2 2
4 Ryan Pulock Cody Ceci 10 1 2 2
PowerPlay Forward
Center Left Wing Right Wing Time % Phy DF OF
1 Sam Bennett Brady Tkachuk Troy Terry 60 1 2 2
2 Adam Henrique Trevor Zegras Andrew Mangiapane 40 1 2 2
PowerPlay Defense
Defense Defense Time % Phy DF OF
1 Dougie Hamilton Ryan Pulock 60 1 2 2
2 Cody Ceci Mario Ferraro 40 1 2 2
Penalty Kill 4 Players Forward
Center Wing Time % Phy DF OF
1 Scott Laughton Andrew Mangiapane 60 1 2 2
2 Nicolas Roy Pierre Engvall 40 1 2 2
Penalty Kill 4 Players Defense
Defense Defense Time % Phy DF OF
1 Mario Ferraro Cody Ceci 60 1 2 2
2 Ryan Pulock Jonas Siegenthaler 40 1 2 2
Penalty Kill - 3 Players Forward
Forward Time % Phy DF OF
1 Scott Laughton 60 1 2 2
2 Nicolas Roy 40 1 2 2
Penalty Kill - 3 Players Defense
Defense Defense Time % Phy DF OF
1 Mario Ferraro Cody Ceci 60 1 2 2
2 Jonas Siegenthaler Ryan Pulock 40 1 2 2
4 vs 4 Forward
Center Wing Time % Phy DF OF
1 Adam Henrique Andrew Mangiapane 60 1 2 2
2 Sam Bennett Brady Tkachuk 40 1 2 2
4 vs 4 Defense
Defense Defense Time % Phy DF OF
1 Ryan Pulock Cody Ceci 60 1 2 2
2 Dougie Hamilton Mario Ferraro 40 1 2 2
Last Minutes Offensive
Center Left Wing Right Wing Defense Defense
Sam Bennett Brady Tkachuk Troy Terry Dougie Hamilton Ryan Pulock
Last Minutes Defensive
Center Left Wing Right Wing Defense Defense
Scott Laughton Andrew Mangiapane Kyle Okposo Mario Ferraro Cody Ceci
Goaltenders
Starting : Cam Talbot
Backup : James Reimer
Extra Forwards
Normal : Nicolas Roy, Craig Smith, Pierre Engvall - PP : Kyle Okposo, Josh Bailey - PK : Kyle Okposo
Extra Defensemen
Normal : Jonas Siegenthaler, Luke Schenn, Cody Ceci - PP : Jonas Siegenthaler - PK : Luke Schenn, Dougie Hamilton
Penalty Shots
Trevor Zegras, Dougie Hamilton, Nicolas Roy, Kyle Okposo, Josh Bailey
% Time on Ice - New York Rangers
Lines # - Real PCT - Wanted PCT - Time Play
Normal Forward
1 - 37% - 40% - 14:19
2 - 23% - 30% - 8:53
3 - 23% - 20% - 8:51
4 - 17% - 10% - 6:35
Normal Defense
1 - 39% - 44% - 15:14
2 - 36% - 33% - 13:44
3 - 25% - 23% - 9:40
4 - 0% - 0% - 0:00
PP Forward
1 - 55% - 60% - 4:32
2 - 45% - 40% - 3:40
PP Defense
1 - 61% - 60% - 5:01
2 - 39% - 40% - 3:11
PK Forward
1 - 69% - 60% - 9:02
2 - 31% - 40% - 4:08
PK Defense
1 - 67% - 60% - 8:50
2 - 33% - 40% - 4:20
PK3 Forward
1 - 0% - 60%
2 - 0% - 40%
PK3 Defense
1 - 0% - 60%
2 - 0% - 40%
44 Forward
1 - 0% - 60%
2 - 0% - 40%
44 Defense
1 - 0% - 60%
2 - 0% - 40%
Last Minute Offensive - 0:00
Last Minute Defensive - 0:00
Total
Forward - 60:00
Defense - 60:00
|
% Time on Ice - Toronto Maple Leafs
Lines # - Real PCT - Wanted PCT - Time Play
Normal Forward
1 - 33% - 40% - 12:35
2 - 25% - 30% - 9:29
3 - 22% - 20% - 8:20
4 - 21% - 10% - 8:14
Normal Defense
1 - 42% - 40% - 16:03
2 - 32% - 30% - 12:17
3 - 23% - 20% - 9:04
4 - 3% - 10% - 1:14
PP Forward
1 - 61% - 60% - 7:58
2 - 39% - 40% - 5:12
PP Defense
1 - 68% - 60% - 8:59
2 - 32% - 40% - 4:11
PK Forward
1 - 74% - 60% - 6:02
2 - 26% - 40% - 2:09
PK Defense
1 - 57% - 60% - 4:40
2 - 43% - 40% - 3:31
PK3 Forward
1 - 100% - 60% - 0:01
2 - 0% - 40% - 0:00
PK3 Defense
1 - 100% - 60% - 0:01
2 - 0% - 40% - 0:00
44 Forward
1 - 0% - 60%
2 - 0% - 40%
44 Defense
1 - 0% - 60%
2 - 0% - 40%
Last Minute Offensive - 0:00
Last Minute Defensive - 0:00
Total
Forward - 60:00
Defense - 60:00
|
Play-by-Play
1st period
0:01 of 1st period - Sam Bennett wins face-off versus Patrice Bergeron in neutral zone.
0:22 of 1st period - Mario Ferraro is hit by Pierre-Luc Dubois and loses puck.
0:37 of 1st period - Wrist shot by Blake Wheeler.
0:37 of 1st period - Stopped by Cam Talbot without a rebound.
0:38 of 1st period - T.J. Oshie wins face-off versus Adam Henrique in Toronto Maple Leafs zone.
0:39 of 1st period - Wrist shot by Conor Garland.
0:39 of 1st period - Stopped by Cam Talbot with a rebound.
1:26 of 1st period - Luke Schenn is hit by Pierre-Luc Dubois and loses puck.
1:47 of 1st period - Eric Robinson is hit by Luke Schenn and loses puck.
2:34 of 1st period - Snap shot by Andre Burakovsky.
2:34 of 1st period - Deflect By Blake Wheeler.
2:34 of 1st period - Shot Misses the Net.
2:34 of 1st period - Puck is out of play.
2:35 of 1st period - Patrice Bergeron wins face-off versus Adam Henrique in Toronto Maple Leafs zone.
2:46 of 1st period - Snap shot by Patrice Bergeron.
2:46 of 1st period - Goal by Patrice Bergeron - New York Rangers : 1 - Toronto Maple Leafs : 0.
2:47 of 1st period - Patrice Bergeron wins face-off versus Sam Bennett in neutral zone.
2:56 of 1st period - Brady Tkachuk and Jake McCabe fight to a draw.
2:56 of 1st period - Penalty to Brady Tkachuk for Fighting.
2:56 of 1st period - Penalty to Jake McCabe for Fighting.
2:57 of 1st period - Sam Bennett wins face-off versus Mikael Granlund in New York Rangers zone.
3:02 of 1st period - Slapshot by Sam Bennett.
3:02 of 1st period - Shot Blocked by Cam Fowler.
3:32 of 1st period - Wrist shot by Sam Bennett.
3:32 of 1st period - Stopped by Igor Shesterkin with a rebound.
3:34 of 1st period - Backhand shot by Mario Ferraro.
3:34 of 1st period - Shot Blocked by Dmitry Kulikov.
3:39 of 1st period - Slapshot by Dougie Hamilton.
3:39 of 1st period - Shot Blocked by Cam Fowler.
3:41 of 1st period - Snap shot by Mario Ferraro.
3:41 of 1st period - Shot Misses the Net.
3:43 of 1st period - Slapshot by Mario Ferraro.
3:43 of 1st period - Deflect By Sam Bennett.
3:43 of 1st period - Shot Misses the Net.
3:43 of 1st period - Puck is out of play.
3:44 of 1st period - Scott Laughton wins face-off versus Nathan MacKinnon in New York Rangers zone.
3:57 of 1st period - Wrist shot by Patrice Bergeron.
3:57 of 1st period - Goal by Patrice Bergeron - New York Rangers : 2 - Toronto Maple Leafs : 0.
3:58 of 1st period - Adam Henrique wins face-off versus Patrice Bergeron in neutral zone.
4:00 of 1st period - Minor Penalty to Kyle Okposo for Interference.
4:01 of 1st period - Pierre-Luc Dubois wins face-off versus Scott Laughton in Toronto Maple Leafs zone.
4:03 of 1st period - Slapshot by Patrice Bergeron.
4:03 of 1st period - Shot Misses the Net.
4:05 of 1st period - Slapshot by Blake Wheeler.
4:05 of 1st period - Shot Misses the Net.
4:15 of 1st period - Snap shot by Nathan MacKinnon.
4:15 of 1st period - Shot Misses the Net.
4:17 of 1st period - Wrist shot by Cam Fowler.
4:17 of 1st period - New York Rangers goal is going for a video replay.
4:17 of 1st period - The goal is good.
4:17 of 1st period - Goal by Cam Fowler - New York Rangers : 3 - Toronto Maple Leafs : 0.
4:18 of 1st period - Adam Henrique wins face-off versus Patrice Bergeron in neutral zone.
4:18 of 1st period - Andrew Mangiapane is hit by Pierre-Luc Dubois and loses puck.
4:28 of 1st period - Snap shot by Adam Henrique.
4:28 of 1st period - Stopped by Igor Shesterkin with a rebound.
4:30 of 1st period - Slapshot by Dougie Hamilton.
4:30 of 1st period - Stopped by Igor Shesterkin without a rebound.
4:31 of 1st period - Mikael Granlund wins face-off versus Nicolas Roy in New York Rangers zone.
4:33 of 1st period - Minor Penalty to Mark Giordano for Hooking.
4:34 of 1st period - Tyler Motte wins face-off versus Sam Bennett in New York Rangers zone.
4:46 of 1st period - Snap shot by Kyle Okposo.
4:46 of 1st period - Shot Misses the Net.
6:33 of 1st period - Penalty to Mark Giordano is over, Mark Giordano is back on ice.
6:43 of 1st period - Snap shot by Mark Giordano.
6:43 of 1st period - Stopped by Cam Talbot with a rebound.
6:45 of 1st period - Slapshot by Matt Benning.
6:45 of 1st period - Stopped by Cam Talbot with a rebound.
6:47 of 1st period - Slapshot by Matt Benning.
6:47 of 1st period - Shot Blocked by Ryan Pulock.
6:51 of 1st period - Snap shot by Patrice Bergeron.
6:51 of 1st period - Deflect By Eric Robinson.
6:51 of 1st period - Shot Hit the Post.
6:51 of 1st period - Puck is out of play.
6:52 of 1st period - Mikael Granlund wins face-off versus Nicolas Roy in Toronto Maple Leafs zone.
7:15 of 1st period - Scott Laughton is hit by T.J. Oshie and loses puck.
7:37 of 1st period - Nicolas Roy is hit by Nathan MacKinnon.
7:41 of 1st period - Sam Bennett is hit by Nathan MacKinnon and loses puck.
8:04 of 1st period - Minor Penalty to Matt Benning for Holding.
8:05 of 1st period - Sam Bennett wins face-off versus David Kampf in New York Rangers zone.
8:14 of 1st period - Wrist shot by Troy Terry.
8:14 of 1st period - Stopped by Igor Shesterkin with a rebound.
10:04 of 1st period - Penalty to Matt Benning is over, Matt Benning is back on ice.
10:25 of 1st period - Slapshot by Craig Smith.
10:25 of 1st period - Stopped by Igor Shesterkin without a rebound.
10:26 of 1st period - Mikael Granlund wins face-off versus Nicolas Roy in New York Rangers zone.
10:26 of 1st period - Mikael Granlund is hit by Pierre Engvall.
11:18 of 1st period - Mikael Granlund is hit by Trevor Zegras and loses puck.
12:19 of 1st period - Nicolas Roy is hit by Cam Fowler and loses puck.
12:30 of 1st period - Snap shot by Cole Caufield.
12:30 of 1st period - Deflect By T.J. Oshie.
12:30 of 1st period - Shot Blocked by Cody Ceci.
12:30 of 1st period - Puck is out of play.
12:31 of 1st period - Nathan MacKinnon wins face-off versus Sam Bennett in Toronto Maple Leafs zone.
12:40 of 1st period - Snap shot by Patrice Bergeron.
12:40 of 1st period - Stopped by Cam Talbot with a rebound.
12:56 of 1st period - Dougie Hamilton is hit by Matt Benning and loses puck.
13:45 of 1st period - Mario Ferraro is hit by Matt Benning and loses puck.
14:08 of 1st period - Slapshot by Conor Garland.
14:08 of 1st period - Goal by Conor Garland - New York Rangers : 4 - Toronto Maple Leafs : 0.
14:09 of 1st period - Sam Bennett wins face-off versus Patrice Bergeron in neutral zone.
14:09 of 1st period - Brady Tkachuk beats up Nathan MacKinnon.
14:09 of 1st period - Penalty to Brady Tkachuk for Fighting.
14:09 of 1st period - Penalty to Nathan MacKinnon for Fighting.
14:10 of 1st period - Mikael Granlund wins face-off versus Josh Bailey in neutral zone.
14:37 of 1st period - Cam Fowler is hit by Andrew Mangiapane and loses puck.
14:44 of 1st period - Wrist shot by Adam Henrique.
14:44 of 1st period - Shot Misses the Net.
14:46 of 1st period - Slapshot by Kyle Okposo.
14:46 of 1st period - Stopped by Igor Shesterkin with a rebound.
15:12 of 1st period - Minor Penalty to Adam Larsson for Interference.
15:13 of 1st period - Sam Bennett wins face-off versus David Kampf in New York Rangers zone.
15:23 of 1st period - Snap shot by Sam Bennett.
15:23 of 1st period - Stopped by Igor Shesterkin without a rebound.
15:24 of 1st period - Sam Bennett wins face-off versus David Kampf in New York Rangers zone.
15:25 of 1st period - Wrist shot by Troy Terry.
15:25 of 1st period - Deflect By Sam Bennett.
15:25 of 1st period - Stopped by Igor Shesterkin without a rebound.
15:26 of 1st period - Sam Bennett wins face-off versus David Kampf in New York Rangers zone.
15:53 of 1st period - Off-side.
15:54 of 1st period - Adam Henrique wins face-off versus Patrice Bergeron in neutral zone.
16:09 of 1st period - Off-side.
16:10 of 1st period - David Kampf wins face-off versus Sam Bennett in neutral zone.
17:12 of 1st period - Penalty to Adam Larsson is over, Adam Larsson is back on ice.
17:28 of 1st period - Wrist shot by Craig Smith.
17:28 of 1st period - Stopped by Igor Shesterkin with a rebound.
17:43 of 1st period - Wrist shot by Cole Caufield.
17:43 of 1st period - Shot Misses the Net.
17:45 of 1st period - Slapshot by Jake McCabe.
17:45 of 1st period - Deflect By Jonas Siegenthaler.
17:45 of 1st period - Stopped by Cam Talbot with a rebound.
17:47 of 1st period - Snap shot by Conor Garland.
17:47 of 1st period - Goal by Conor Garland - New York Rangers : 5 - Toronto Maple Leafs : 0.
17:47 of 1st period - James Reimer enters game.
17:48 of 1st period - Sam Bennett wins face-off versus Patrice Bergeron in neutral zone.
17:52 of 1st period - Off-side.
17:53 of 1st period - Sam Bennett wins face-off versus Patrice Bergeron in neutral zone.
18:00 of 1st period - Wrist shot by Dougie Hamilton.
18:00 of 1st period - Shot Blocked by Adam Larsson.
18:02 of 1st period - Wrist shot by Sam Bennett.
18:02 of 1st period - Shot Misses the Net.
18:04 of 1st period - Snap shot by Josh Bailey.
18:04 of 1st period - Shot Blocked by Mark Giordano.
18:06 of 1st period - Slapshot by Dougie Hamilton.
18:06 of 1st period - Shot Blocked by Mark Giordano.
18:08 of 1st period - Wrist shot by Josh Bailey.
18:08 of 1st period - Stopped by Igor Shesterkin without a rebound.
18:09 of 1st period - Adam Henrique wins face-off versus Patrice Bergeron in New York Rangers zone.
18:14 of 1st period - Wrist shot by Adam Henrique.
18:14 of 1st period - Shot Hit the Post.
18:16 of 1st period - Slapshot by Mario Ferraro.
18:16 of 1st period - Stopped by Igor Shesterkin with a rebound.
18:30 of 1st period - Minor Penalty to Patrice Bergeron for Diving.
18:31 of 1st period - David Kampf wins face-off versus Sam Bennett in New York Rangers zone.
18:46 of 1st period - Icing by Kyle Okposo.
18:47 of 1st period - Sam Bennett wins face-off versus David Kampf in Toronto Maple Leafs zone.
19:09 of 1st period - Penalty to Nathan MacKinnon is over, Nathan MacKinnon is back on ice.
19:18 of 1st period - Snap shot by Sam Bennett.
19:18 of 1st period - Shot Misses the Net.
19:22 of 1st period - Wrist shot by Troy Terry.
19:22 of 1st period - Stopped by Igor Shesterkin without a rebound.
19:23 of 1st period - Adam Henrique wins face-off versus Mikael Granlund in New York Rangers zone.
19:26 of 1st period - Snap shot by Andrew Mangiapane.
19:26 of 1st period - Stopped by Igor Shesterkin with a rebound.
Goals for this period are 5 for New York Rangers vs 0 for Toronto Maple Leafs.
Shots for this period are 11 for New York Rangers vs 13 for Toronto Maple Leafs.
2nd period
0:01 of 2nd period - David Kampf wins face-off versus Sam Bennett in neutral zone.
0:03 of 2nd period - Off-side.
0:04 of 2nd period - David Kampf wins face-off versus Sam Bennett in neutral zone.
0:07 of 2nd period - Slapshot by Cam Fowler.
0:07 of 2nd period - Stopped by James Reimer without a rebound.
0:08 of 2nd period - David Kampf wins face-off versus Sam Bennett in Toronto Maple Leafs zone.
0:30 of 2nd period - Penalty to Patrice Bergeron is over, Patrice Bergeron is back on ice.
0:45 of 2nd period - Snap shot by Troy Terry.
0:45 of 2nd period - Stopped by Igor Shesterkin without a rebound.
0:46 of 2nd period - Adam Henrique wins face-off versus Mikael Granlund in New York Rangers zone.
0:53 of 2nd period - Snap shot by Blake Wheeler.
0:53 of 2nd period - Stopped by James Reimer with a rebound.
0:55 of 2nd period - Snap shot by Andre Burakovsky.
0:55 of 2nd period - Stopped by James Reimer with a rebound.
0:59 of 2nd period - Wrist shot by Mikael Granlund.
0:59 of 2nd period - Stopped by James Reimer without a rebound.
1:00 of 2nd period - Adam Henrique wins face-off versus Pierre-Luc Dubois in Toronto Maple Leafs zone.
1:00 of 2nd period - Adam Henrique is hit by Pierre-Luc Dubois.
1:03 of 2nd period - Minor Penalty to Andrew Mangiapane for Charging.
1:04 of 2nd period - Scott Laughton wins face-off versus Pierre-Luc Dubois in Toronto Maple Leafs zone.
1:04 of 2nd period - Scott Laughton is hit by Patrice Bergeron.
1:31 of 2nd period - Blake Wheeler is hit by Adam Henrique and loses puck.
1:38 of 2nd period - Wrist shot by Mikael Granlund.
1:38 of 2nd period - Shot Misses the Net.
1:40 of 2nd period - Slapshot by T.J. Oshie.
1:40 of 2nd period - Shot Misses the Net.
1:42 of 2nd period - Snap shot by Mark Giordano.
1:42 of 2nd period - Deflect By Cole Caufield.
1:42 of 2nd period - Shot Blocked by Scott Laughton.
1:42 of 2nd period - Puck is out of play.
1:43 of 2nd period - Patrice Bergeron wins face-off versus Scott Laughton in Toronto Maple Leafs zone.
1:52 of 2nd period - Snap shot by Nathan MacKinnon.
1:52 of 2nd period - Stopped by James Reimer with a rebound.
1:54 of 2nd period - Snap shot by Pierre-Luc Dubois.
1:54 of 2nd period - Shot Misses the Net.
1:56 of 2nd period - Slapshot by Nathan MacKinnon.
1:56 of 2nd period - Stopped by James Reimer with a rebound.
1:58 of 2nd period - Wrist shot by Pierre-Luc Dubois.
1:58 of 2nd period - Shot Hit the Post.
2:00 of 2nd period - Snap shot by Pierre-Luc Dubois.
2:00 of 2nd period - Shot Misses the Net.
2:30 of 2nd period - Jonas Siegenthaler is hit by Pierre-Luc Dubois and loses puck.
3:01 of 2nd period - Minor Penalty to Cody Ceci for Roughing.
3:02 of 2nd period - Mikael Granlund wins face-off versus Scott Laughton in Toronto Maple Leafs zone.
3:03 of 2nd period - Penalty to Andrew Mangiapane is over, Andrew Mangiapane is back on ice.
3:29 of 2nd period - Wrist shot by Nathan MacKinnon.
3:29 of 2nd period - Shot Misses the Net.
4:31 of 2nd period - Slapshot by Kyle Okposo.
4:31 of 2nd period - Stopped by Igor Shesterkin without a rebound.
4:32 of 2nd period - Patrice Bergeron wins face-off versus Kyle Okposo in New York Rangers zone.
4:32 of 2nd period - Patrice Bergeron is hit by Ryan Pulock.
5:01 of 2nd period - Penalty to Cody Ceci is over, Cody Ceci is back on ice.
5:14 of 2nd period - Snap shot by Brady Tkachuk.
5:14 of 2nd period - Shot Misses the Net.
5:16 of 2nd period - Slapshot by Sam Bennett.
5:16 of 2nd period - Shot Misses the Net.
5:36 of 2nd period - Cole Caufield is hit by Mario Ferraro and loses puck.
5:44 of 2nd period - Icing by Cam Fowler.
5:45 of 2nd period - Nicolas Roy wins face-off versus Patrice Bergeron in New York Rangers zone.
6:55 of 2nd period - Wrist shot by Craig Smith.
6:55 of 2nd period - Shot Blocked by Nathan MacKinnon.
6:57 of 2nd period - Wrist shot by Pierre Engvall.
6:57 of 2nd period - Stopped by Igor Shesterkin without a rebound.
6:58 of 2nd period - Tyler Motte wins face-off versus Sam Bennett in New York Rangers zone.
6:58 of 2nd period - Tyler Motte is hit by Mario Ferraro.
7:35 of 2nd period - Backhand shot by Nathan MacKinnon.
7:35 of 2nd period - Shot Blocked by Jonas Siegenthaler.
7:37 of 2nd period - Wrist shot by Nathan MacKinnon.
7:37 of 2nd period - Stopped by James Reimer with a rebound.
8:00 of 2nd period - Slapshot by Troy Terry.
8:00 of 2nd period - Shot Misses the Net.
8:20 of 2nd period - Adam Larsson is hit by Brady Tkachuk and loses puck.
8:50 of 2nd period - Cody Ceci is hit by Mark Giordano and loses puck.
9:03 of 2nd period - Snap shot by Patrice Bergeron.
9:03 of 2nd period - Shot Misses the Net.
9:15 of 2nd period - Wrist shot by Trevor Zegras.
9:15 of 2nd period - Shot Misses the Net.
9:21 of 2nd period - Cody Ceci is hit by Pierre-Luc Dubois and loses puck.
9:30 of 2nd period - Scott Laughton is hit by Nathan MacKinnon and loses puck.
9:41 of 2nd period - Mark Giordano is hit by Cody Ceci and loses puck.
10:28 of 2nd period - Wrist shot by Troy Terry.
10:28 of 2nd period - Stopped by Igor Shesterkin with a rebound.
10:36 of 2nd period - Slapshot by Trevor Zegras.
10:36 of 2nd period - Shot Blocked by Mark Giordano.
10:38 of 2nd period - Snap shot by Trevor Zegras.
10:38 of 2nd period - Shot Misses the Net.
10:40 of 2nd period - Snap shot by Trevor Zegras.
10:40 of 2nd period - Stopped by Igor Shesterkin with a rebound.
10:42 of 2nd period - Slapshot by Scott Laughton.
10:42 of 2nd period - Shot Misses the Net.
10:44 of 2nd period - Slapshot by Cody Ceci.
10:44 of 2nd period - Shot Blocked by Pierre-Luc Dubois.
11:28 of 2nd period - Snap shot by Patrice Bergeron.
11:28 of 2nd period - Stopped by James Reimer without a rebound.
11:29 of 2nd period - Mikael Granlund wins face-off versus Sam Bennett in Toronto Maple Leafs zone.
11:30 of 2nd period - Wrist shot by Blake Wheeler.
11:30 of 2nd period - Shot Blocked by Mario Ferraro.
11:55 of 2nd period - Jake McCabe is hit by Andrew Mangiapane.
11:59 of 2nd period - Slapshot by Conor Garland.
11:59 of 2nd period - Stopped by James Reimer with a rebound.
12:05 of 2nd period - Snap shot by T.J. Oshie.
12:05 of 2nd period - Shot Blocked by Dougie Hamilton.
12:17 of 2nd period - Slapshot by Eric Robinson.
12:17 of 2nd period - Stopped by James Reimer with a rebound.
12:25 of 2nd period - Snap shot by Tyler Motte.
12:25 of 2nd period - Shot Misses the Net.
12:38 of 2nd period - Luke Schenn is hit by Cam Fowler.
12:43 of 2nd period - Off-side.
12:44 of 2nd period - Adam Henrique wins face-off versus Mikael Granlund in neutral zone.
12:44 of 2nd period - Adam Henrique is hit by Blake Wheeler.
13:08 of 2nd period - Josh Bailey is hit by Tyler Motte and loses puck.
13:49 of 2nd period - Minor Penalty to Pierre Engvall for Hooking.
13:50 of 2nd period - Kyle Okposo wins face-off versus Cole Caufield in Toronto Maple Leafs zone.
13:54 of 2nd period - Andre Burakovsky is hit by Kyle Okposo and loses puck.
15:33 of 2nd period - Tyler Motte is hit by Nicolas Roy and loses puck.
15:49 of 2nd period - Penalty to Pierre Engvall is over, Pierre Engvall is back on ice.
17:04 of 2nd period - Patrice Bergeron is hit by Trevor Zegras and loses puck.
17:19 of 2nd period - Mikael Granlund is hit by Jonas Siegenthaler and loses puck.
17:36 of 2nd period - Cole Caufield is hit by Josh Bailey and loses puck.
17:49 of 2nd period - Scott Laughton is hit by Matt Benning.
18:04 of 2nd period - Andre Burakovsky is hit by Adam Henrique and loses puck.
18:15 of 2nd period - Mikael Granlund is hit by Mario Ferraro and loses puck.
18:57 of 2nd period - Josh Bailey is hit by Cole Caufield and loses puck.
Goals for this period are 0 for New York Rangers vs 0 for Toronto Maple Leafs.
Shots for this period are 10 for New York Rangers vs 5 for Toronto Maple Leafs.
3rd period
0:01 of 3rd period - Brady Tkachuk wins face-off versus Patrice Bergeron in neutral zone.
0:26 of 3rd period - Sam Bennett is hit by T.J. Oshie and loses puck.
0:36 of 3rd period - Wrist shot by T.J. Oshie.
0:36 of 3rd period - Shot Misses the Net.
1:42 of 3rd period - Snap shot by T.J. Oshie.
1:42 of 3rd period - Goal by T.J. Oshie - New York Rangers : 6 - Toronto Maple Leafs : 0.
1:43 of 3rd period - Patrice Bergeron wins face-off versus Sam Bennett in neutral zone.
1:46 of 3rd period - Brady Tkachuk is hit by Jake McCabe and loses puck.
2:13 of 3rd period - Wrist shot by Nathan MacKinnon.
2:13 of 3rd period - Stopped by James Reimer without a rebound.
2:14 of 3rd period - Mikael Granlund wins face-off versus Scott Laughton in Toronto Maple Leafs zone.
2:31 of 3rd period - Snap shot by Trevor Zegras.
2:31 of 3rd period - Stopped by Igor Shesterkin with a rebound.
2:33 of 3rd period - Slapshot by Scott Laughton.
2:33 of 3rd period - Shot Misses the Net.
2:35 of 3rd period - Snap shot by Troy Terry.
2:35 of 3rd period - Stopped by Igor Shesterkin without a rebound.
2:36 of 3rd period - Patrice Bergeron wins face-off versus Sam Bennett in New York Rangers zone.
2:47 of 3rd period - Slapshot by Patrice Bergeron.
2:47 of 3rd period - Deflect By Dougie Hamilton.
2:47 of 3rd period - Stopped by James Reimer without a rebound.
2:48 of 3rd period - Sam Bennett wins face-off versus Pierre-Luc Dubois in Toronto Maple Leafs zone.
2:50 of 3rd period - Minor Penalty to Brady Tkachuk for Goalie Interference.
2:51 of 3rd period - Scott Laughton wins face-off versus Patrice Bergeron in Toronto Maple Leafs zone.
2:58 of 3rd period - Blake Wheeler is hit by Andrew Mangiapane and loses puck.
3:42 of 3rd period - Nathan MacKinnon is hit by Jonas Siegenthaler and loses puck.
4:50 of 3rd period - Penalty to Brady Tkachuk is over, Brady Tkachuk is back on ice.
4:56 of 3rd period - Slapshot by Brady Tkachuk.
4:56 of 3rd period - Shot Misses the Net.
4:58 of 3rd period - Slapshot by Jonas Siegenthaler.
4:58 of 3rd period - Shot Blocked by Blake Wheeler.
5:00 of 3rd period - Slapshot by Brady Tkachuk.
5:00 of 3rd period - Deflect By Nicolas Roy.
5:00 of 3rd period - Shot Blocked by Cam Fowler.
5:00 of 3rd period - Puck is out of play.
5:01 of 3rd period - Sam Bennett wins face-off versus Eric Robinson in New York Rangers zone.
5:35 of 3rd period - Snap shot by Craig Smith.
5:35 of 3rd period - Stopped by Igor Shesterkin with a rebound.
5:56 of 3rd period - Wrist shot by Patrice Bergeron.
5:56 of 3rd period - Stopped by James Reimer with a rebound.
5:58 of 3rd period - Wrist shot by Pierre-Luc Dubois.
5:58 of 3rd period - Stopped by James Reimer without a rebound.
5:59 of 3rd period - Patrice Bergeron wins face-off versus Sam Bennett in Toronto Maple Leafs zone.
6:10 of 3rd period - Wrist shot by Patrice Bergeron.
6:10 of 3rd period - Stopped by James Reimer with a rebound.
6:34 of 3rd period - Wrist shot by Josh Bailey.
6:34 of 3rd period - Shot Misses the Net.
6:42 of 3rd period - Snap shot by Sam Bennett.
6:42 of 3rd period - Stopped by Igor Shesterkin with a rebound.
6:44 of 3rd period - Snap shot by Sam Bennett.
6:44 of 3rd period - Shot Blocked by Adam Larsson.
6:46 of 3rd period - Wrist shot by Mario Ferraro.
6:46 of 3rd period - Deflect By Nathan MacKinnon.
6:46 of 3rd period - Stopped by Igor Shesterkin with a rebound.
6:48 of 3rd period - Wrist shot by Sam Bennett.
6:48 of 3rd period - Goal by Sam Bennett - New York Rangers : 6 - Toronto Maple Leafs : 1.
6:49 of 3rd period - Mikael Granlund wins face-off versus Adam Henrique in neutral zone.
7:01 of 3rd period - Wrist shot by Blake Wheeler.
7:01 of 3rd period - Shot Misses the Net.
7:37 of 3rd period - Wrist shot by Nathan MacKinnon.
7:37 of 3rd period - Goal by Nathan MacKinnon - New York Rangers : 7 - Toronto Maple Leafs : 1.
7:38 of 3rd period - Patrice Bergeron wins face-off versus Sam Bennett in neutral zone.
7:52 of 3rd period - Minor Penalty to Jake McCabe for Tripping.
7:53 of 3rd period - Sam Bennett wins face-off versus David Kampf in New York Rangers zone.
7:54 of 3rd period - Wrist shot by Brady Tkachuk.
7:54 of 3rd period - Shot Blocked by Tyler Motte.
8:32 of 3rd period - Snap shot by Andrew Mangiapane.
8:32 of 3rd period - Shot Misses the Net.
8:42 of 3rd period - Ryan Pulock is hit by Tyler Motte and loses puck.
9:22 of 3rd period - Tyler Motte is hit by Troy Terry and loses puck.
9:44 of 3rd period - Patrice Bergeron is hit by Sam Bennett and loses puck.
9:52 of 3rd period - Penalty to Jake McCabe is over, Jake McCabe is back on ice.
9:55 of 3rd period - Josh Bailey is hit by Blake Wheeler and loses puck.
10:17 of 3rd period - Snap shot by Nicolas Roy.
10:17 of 3rd period - Shot Misses the Net.
10:19 of 3rd period - Snap shot by Pierre Engvall.
10:19 of 3rd period - Shot Misses the Net.
10:41 of 3rd period - Jonas Siegenthaler is hit by Dmitry Kulikov and loses puck.
11:08 of 3rd period - Troy Terry is hit by Eric Robinson and loses puck.
11:39 of 3rd period - Sam Bennett is hit by Patrice Bergeron.
11:43 of 3rd period - Brady Tkachuk is hit by Nathan MacKinnon and loses puck.
12:14 of 3rd period - Adam Henrique is hit by Blake Wheeler and loses puck.
12:19 of 3rd period - Snap shot by Blake Wheeler.
12:19 of 3rd period - Shot Blocked by Mario Ferraro.
12:21 of 3rd period - Slapshot by Andre Burakovsky.
12:21 of 3rd period - Shot Misses the Net.
12:23 of 3rd period - Slapshot by Cam Fowler.
12:23 of 3rd period - Stopped by James Reimer with a rebound.
12:25 of 3rd period - Slapshot by Mark Giordano.
12:25 of 3rd period - Shot Misses the Net.
12:27 of 3rd period - Snap shot by Dmitry Kulikov.
12:27 of 3rd period - Shot Misses the Net.
12:39 of 3rd period - Jake McCabe is hit by Mario Ferraro and loses puck.
12:51 of 3rd period - Backhand shot by T.J. Oshie.
12:51 of 3rd period - Shot Misses the Net.
13:03 of 3rd period - Tyler Motte is hit by Troy Terry.
13:12 of 3rd period - Off-side.
13:13 of 3rd period - Mikael Granlund wins face-off versus Sam Bennett in neutral zone.
13:29 of 3rd period - Icing by Cody Ceci.
13:30 of 3rd period - Sam Bennett wins face-off versus Patrice Bergeron in Toronto Maple Leafs zone.
13:30 of 3rd period - Brady Tkachuk is hit by Pierre-Luc Dubois and loses puck.
13:41 of 3rd period - Snap shot by Brady Tkachuk.
13:41 of 3rd period - Shot Misses the Net.
14:42 of 3rd period - Wrist shot by Patrice Bergeron.
14:42 of 3rd period - Shot Blocked by Nicolas Roy.
14:44 of 3rd period - Wrist shot by Nathan MacKinnon.
14:44 of 3rd period - Shot Blocked by Mario Ferraro.
14:46 of 3rd period - Wrist shot by Dmitry Kulikov.
14:46 of 3rd period - Stopped by James Reimer with a rebound.
14:48 of 3rd period - Slapshot by Dmitry Kulikov.
14:48 of 3rd period - Stopped by James Reimer with a rebound.
15:22 of 3rd period - Snap shot by T.J. Oshie.
15:22 of 3rd period - Goal by T.J. Oshie - New York Rangers : 8 - Toronto Maple Leafs : 1.
15:23 of 3rd period - Sam Bennett wins face-off versus Patrice Bergeron in neutral zone.
15:26 of 3rd period - Wrist shot by Brady Tkachuk.
15:26 of 3rd period - Stopped by Igor Shesterkin without a rebound.
15:27 of 3rd period - Patrice Bergeron wins face-off versus Sam Bennett in New York Rangers zone.
15:29 of 3rd period - Minor Penalty to Pierre-Luc Dubois for Charging.
15:30 of 3rd period - David Kampf wins face-off versus Sam Bennett in New York Rangers zone.
15:30 of 3rd period - David Kampf is hit by Sam Bennett.
15:44 of 3rd period - Off-side.
15:45 of 3rd period - Tyler Motte wins face-off versus Sam Bennett in neutral zone.
15:50 of 3rd period - Ryan Pulock is hit by Adam Larsson and loses puck.
15:59 of 3rd period - Snap shot by David Kampf.
15:59 of 3rd period - Shot Misses the Net.
17:29 of 3rd period - Penalty to Pierre-Luc Dubois is over, Pierre-Luc Dubois is back on ice.
17:48 of 3rd period - Snap shot by Patrice Bergeron.
17:48 of 3rd period - Goal by Patrice Bergeron - New York Rangers : 9 - Toronto Maple Leafs : 1.
17:49 of 3rd period - Sam Bennett wins face-off versus T.J. Oshie in neutral zone.
17:52 of 3rd period - Slapshot by Josh Bailey.
17:52 of 3rd period - Deflect By Conor Garland.
17:52 of 3rd period - Shot Misses the Net.
17:52 of 3rd period - Puck is out of play.
17:53 of 3rd period - T.J. Oshie wins face-off versus Sam Bennett in New York Rangers zone.
18:42 of 3rd period - Off-side.
18:43 of 3rd period - Scott Laughton wins face-off versus Mikael Granlund in neutral zone.
18:43 of 3rd period - Scott Laughton and Mikael Granlund fight to a draw.
18:43 of 3rd period - Penalty to Scott Laughton for Fighting.
18:43 of 3rd period - Penalty to Mikael Granlund for Fighting.
18:43 of 3rd period - Penalty to Mikael Granlund for instigated a fight.
18:43 of 3rd period - Penalty to Mikael Granlund for instigated a fight.
18:44 of 3rd period - Sam Bennett wins face-off versus David Kampf in neutral zone.
18:59 of 3rd period - Snap shot by Brady Tkachuk.
18:59 of 3rd period - Shot Misses the Net.
19:01 of 3rd period - Slapshot by Sam Bennett.
19:01 of 3rd period - Stopped by Igor Shesterkin without a rebound.
19:02 of 3rd period - Adam Henrique wins face-off versus David Kampf in New York Rangers zone.
19:13 of 3rd period - Snap shot by Trevor Zegras.
19:13 of 3rd period - Deflect By Tyler Motte.
19:13 of 3rd period - Stopped by Igor Shesterkin with a rebound.
19:15 of 3rd period - Snap shot by Andrew Mangiapane.
19:15 of 3rd period - Shot Misses the Net.
19:17 of 3rd period - Slapshot by Ryan Pulock.
19:17 of 3rd period - Deflect By Cam Fowler.
19:17 of 3rd period - Stopped by Igor Shesterkin without a rebound.
19:18 of 3rd period - David Kampf wins face-off versus Sam Bennett in New York Rangers zone.
19:18 of 3rd period - David Kampf is hit by Brady Tkachuk.
Goals for this period are 4 for New York Rangers vs 1 for Toronto Maple Leafs.
Shots for this period are 12 for New York Rangers vs 10 for Toronto Maple Leafs.
Back to the Top